AoeStats
← Lwk

Black Forest

508690226Analyzed
4v4 RM · 10d ago on Sep 23, 2026· 63m 27s· 8 players
Game mode
Random Map
Map size
Large (8 player)
Population
200
Speed
Normal
Resources
Standard
Victory
Conquest
Starting age
Dark Age
Ending age
Imperial Age
RankedLock teamsTeams togetherTeam positionsShared explorationLock speedFull tech treeHidden civsTurbo modeCheats
Victory
Defeat
🇨🇿 Saxons · Czechia
1382
+17
🇨🇿 Gurjaras · Czechia
1365
+18
🇷🇴 Celts · Romania
1331
+19
🇦🇷 Bohemians · Argentina
1294
+20
🇰🇷 Bohemians · South Korea
1419
-19
🇰🇷 Britons · South Korea
1415
-19
🇦🇷 Danes · Argentina
1408
-19
🇦🇷 Italians · Argentina
1361
-17
KEFÍRER
0:44 Loom
12:15 Feudal Age
16:18 Castle Age
15:38 Double-Bit Axe
15:39 Horse Collar
17:55 Bow Saw
24:03 Wheelbarrow
24:11 Stone Mining
24:13 Gold Mining
25:07 Heavy Plow
27:28 Hand Cart
30:17 Imperial Age
28:13 Fortified Wall
28:13 Masonry
29:29 Masonry
29:13 Fletching
29:29 Town Watch
29:51 Squires
29:36 Arson
29:11 Man-at-Arms
29:52 Bodkin Arrow
30:53 Gold Shaft Mining
29:51 Man-at-Arms
30:16 Gambesons
31:02 Bracer
31:01 Long Swordsman
32:23 Conscription
32:06 Scale Mail Armor
31:54 Two-Handed Swordsman
33:28 Forging
33:33 Chain Mail Armor
33:27 Shield Wall
35:48 Iron Casting
35:43 Plate Mail Armor
35:47 Guard Tower
37:08 Keep
37:34 Chemistry
36:34 Champion
37:45 Elite Hearth Troop
37:57 Capped Ram
39:11 Padded Archer Armor
39:19 Scale Barding Armor
39:19 Caravan
39:50 Coinage
39:35 Arrowslits
40:10 Ballistics
40:21 Architecture
39:49 Murder Holes
40:12 Leather Archer Armor
39:27 Elite Varangian Guard
42:34 Banking
42:14 Guilds
43:13 Siege Engineers
42:49 Treadmill Crane
42:33 Siege Ram
43:48 Clerical Recruitment
62:34 Ring Archer Armor
62:25 Chain Barding Armor
61:59 Heated Shot
63:07 Town Patrol
62:29 Heavy Scorpion
62:29 Onager
INghost
8:39 Loom
12:34 Feudal Age
13:50 Wheelbarrow
13:02 Double-Bit Axe
14:15 Horse Collar
14:28 Gold Mining
17:09 Castle Age
18:07 Bow Saw
18:06 Heavy Plow
20:46 Gold Shaft Mining
24:26 Hand Cart
24:23 Town Watch
24:42 Stone Mining
27:11 Stone Shaft Mining
29:32 Imperial Age
28:11 Forging
28:02 Scale Mail Armor
29:44 Iron Casting
30:11 Chain Mail Armor
31:22 Chemistry
32:27 Crop Rotation
32:01 Elite Chakram Thrower
32:57 Kshatriyas
33:50 Conscription
34:03 Plate Mail Armor
34:25 Caravan
35:05 Ballistics
34:27 Treadmill Crane
41:12 Arson
49:36 Scale Barding Armor
49:52 Heavy Camel Rider
49:55 Elite Shrivamsha Rider
50:46 Bloodlines
50:36 Husbandry
52:05 Chain Barding Armor
56:12 Plate Barding Armor
NotGG
6:12 Loom
8:42 Feudal Age
10:29 Double-Bit Axe
14:36 Fletching
20:04 Castle Age
19:02 Horse Collar
21:19 Wheelbarrow
22:32 Fervor
30:10 Imperial Age
34:35 Town Watch
36:46 Chemistry
36:07 Heavy Plow
37:39 Bodkin Arrow
41:30 Siege Engineers
41:46 Wagenburg Tactics
42:02 Conscription
44:09 Bracer
55:59 Houfnice
57:34 Padded Archer Armor
60:48 Elite Skirmisher
Lwk
7:12 Loom
11:56 Feudal Age
13:44 Man-at-Arms
14:34 Double-Bit Axe
15:54 Town Watch
18:55 Castle Age
18:37 Horse Collar
24:52 Scale Mail Armor
29:45 Bow Saw
29:37 Heavy Plow
29:29 Gold Mining
30:01 Arson
30:38 Stone Mining
32:20 Wheelbarrow
31:32 Elite Skirmisher
34:49 Gold Shaft Mining
34:39 Forging
34:19 Fletching
37:05 Imperial Age
37:47 Ballistics
38:51 Chemistry
37:47 Murder Holes
38:03 Masonry
38:04 Fortified Wall
39:04 Conscription
39:03 Bodkin Arrow
39:08 Padded Archer Armor
39:44 Iron Casting
39:24 Chain Mail Armor
40:30 Stone Shaft Mining
40:08 Onager
41:33 Leather Archer Armor
43:30 Siege Onager
44:06 Light Cavalry
46:38 Siege Engineers
남조선사람
0:50 Loom
10:12 Feudal Age
13:00 Fletching
12:56 Double-Bit Axe
20:02 Castle Age
17:58 Horse Collar
20:40 Bodkin Arrow
22:40 Crossbowman
26:57 Ballistics
27:54 Wheelbarrow
32:00 Imperial Age
29:22 Town Watch
30:49 Padded Archer Armor
31:02 Bow Saw
31:26 Gold Mining
31:27 Stone Mining
33:02 Bracer
34:00 Hand Cart
35:13 Chemistry
35:01 Arbalester
36:20 Heavy Plow
36:49 Caravan
37:48 Elite Skirmisher
38:12 Elite Longbowman
39:13 Yeomen
39:42 Leather Archer Armor
39:28 Warwolf
39:49 Conscription
40:19 Scale Mail Armor
40:29 Forging
39:40 Man-at-Arms
40:06 Gambesons
40:21 Squires
41:31 Two-Man Saw
41:56 Ring Archer Armor
41:16 Long Swordsman
41:16 Pikeman
42:16 Two-Handed Swordsman
42:39 Halberdier
43:57 Chain Mail Armor
44:38 Iron Casting
46:04 Champion
47:58 Blast Furnace
47:29 Plate Mail Armor
48:38 Hoardings
48:36 Murder Holes
48:52 Masonry
52:12 Architecture
57:28 Capped Ram
BaniWang
3:21 Loom
12:19 Feudal Age
13:04 Horse Collar
16:18 Castle Age
14:11 Double-Bit Axe
18:24 Bow Saw
18:26 Fervor
19:56 Heavy Plow
30:36 Imperial Age
28:51 Wheelbarrow
28:02 Town Watch
30:19 Chemistry
29:56 Hand Cart
29:52 Caravan
30:29 Wagenburg Tactics
30:30 Padded Archer Armor
31:16 Forging
31:26 Leather Archer Armor
32:20 Two-Man Saw
32:41 Ring Archer Armor
34:10 Houfnice
36:06 Guilds
36:23 Siege Engineers
37:16 Coinage
38:18 Banking
38:05 Fletching
37:42 Man-at-Arms
37:42 Pikeman
38:23 Squires
38:15 Arson
38:42 Forging
38:32 Scale Mail Armor
42:20 Ballistics
46:28 Fortified Wall
53:49 Halberdier
61:19 Iron Casting
60:59 Chain Mail Armor
63:18 Blast Furnace
62:49 Plate Mail Armor
Wallyfly
1:39 Loom
16:35 Feudal Age
20:27 Castle Age
22:12 Double-Bit Axe
24:08 Silk Road
24:47 Bow Saw
29:25 Horse Collar
33:00 Fletching
33:10 Padded Archer Armor
33:45 Caravan
39:12 Imperial Age
37:07 Bodkin Arrow
37:27 Leather Archer Armor
39:09 Coinage
41:05 Chemistry
41:15 Coinage
42:17 Banking
CTM | El Inadecuado
6:19 Loom
11:31 Feudal Age
15:44 Castle Age
13:55 Double-Bit Axe
22:55 Wheelbarrow
25:10 Gold Mining
25:35 Bow Saw
25:10 Horse Collar
29:24 Imperial Age
27:11 Scale Mail Armor
27:33 Hamask
29:07 Chain Mail Armor
29:03 Forging
29:29 Capped Ram
32:13 Siege Ram
34:25 Iron Casting
33:40 Elite Varangian Guard
34:16 Arson
34:31 Squires
36:08 Blast Furnace
34:41 Hamask
36:02 Conscription
37:17 Onager
38:44 Northmen's Fury
39:06 Siege Onager
41:27 Chemistry
42:17 Siege Engineers
53:09 Hand Cart
54:34 Fletching
54:44 Padded Archer Armor
55:30 Bodkin Arrow
58:54 Town Watch
62:36 Pikeman
63:17 Squires
Connection lost

Rejoining the realm…

Still unreachable

The connection could not be restored.

Session expired

The server has moved on; the page needs a fresh start.